 Dungeon Crawl Stone Soup version 0.29-a0-275-g389c0b56f3 (webtiles) character file.

Game seed: 10312453806421467973

196 siradein the Bolt Thrower (level 5, -1/46 HPs)
             Began as a Minotaur Hunter on Mar 10, 2022.
             Killed by an exploding ogre (47 damage)
             ... ignited by their inner flame
             ... on level 4 of the Dungeon.
             The game lasted 00:07:45 (2855 turns).

siradein the Bolt Thrower (Minotaur Hunter)         Turns: 2855, Time: 00:07:46

Health: -1/46      AC:  5    Str: 18    XL:     5   Next: 45%
Magic:  4/4        EV: 11    Int:  8    God:
Gold:   127        SH:  0    Dex: 11    Spells: 4/4 levels left

rFire   . . .      SeeInvis .   a - +1 hand crossbow
rCold   . . .      Faith    .   (no shield)
rNeg    . . .      Spirit   .   g - +0 ring mail
rPois   .          Reflect  .   (helmet restricted)
rElec   .          Harm     .   (no cloak)
rCorr   .          Rampage  .   (no gloves)
Will    .....                   (no boots)
Stlth   +.........              (no amulet)
HPRegen 0.15/turn               (no ring)
MPRegen 0.09/turn               (no ring)

@: no status effects
A: horns 2, retaliatory headbutt
a: no special abilities


You were on level 4 of the Dungeon.
You visited 1 branch of the dungeon, and saw 4 of its levels.

You collected 157 gold pieces.
You spent 30 gold pieces at shops.

Inventory:

Hand Weapons
 a - a +1 hand crossbow (weapon)
Armour
 g - a +0 ring mail (worn)
Scrolls
 d - 2 scrolls of amnesia {unknown}
 e - 2 scrolls of vulnerability {unknown}
 j - a scroll of noise {unknown}
 k - a scroll of enchant armour {unknown}
 l - a scroll of summoning {unknown}
 o - 2 scrolls of identify {unknown}
Potions
 b - a potion of cancellation {unknown}
 f - a potion of resistance {unknown}
 h - a potion of heal wounds {unknown}
 i - a potion of curing
 m - 2 potions of haste {unknown}
 n - a potion of brilliance {unknown}
 p - a potion of flight {unknown}


   Skills:
 + Level 3.7 Fighting
 + Level 5.1 Crossbows
 + Level 2.6 Armour
 + Level 3.3 Dodging
 + Level 2.2 Stealth


You had 4 spell levels left.
You didn't know any spells.
Your spell library contained the following spells:

 Spells                   Type           Power      Damage    Failure   Level
 Magic Dart               Conj           0%         1d3       58%         1
 Searing Ray              Conj           0%         2d4       75%         2
 Frozen Ramparts          Ice            0%         1d2       92%         3
 Fulminant Prism          Conj/Hex       0%         3d6       100%        4
 Ice Form                 Ice/Tmut       0%         N/A       100%        4
 Summon Ice Beast         Ice/Summ       0%         N/A       100%        4


Dungeon Overview and Level Annotations

Branches:
Dungeon (4/15)
 Temple: D:4-7

Altars:
Cheibriados
Vehumet

Shops:
D:2 **!(


Innate Abilities, Weirdness & Mutations

You have a pair of horns on your head.
You reflexively headbutt those who attack you in melee.


Message History

a +0 whip; a gnoll corpse A gnoll comes into view.
It is wielding a +0 flail.
You shoot a bolt. The gnoll shouts!
The bolt hits the gnoll.
The gnoll is heavily wounded.
You shoot a bolt. The bolt closely misses the gnoll.
You shoot a bolt. The bolt hits the gnoll!
You kill the gnoll!
No target in view!
No target in view!
No target in view!
No target in view!
Found 15 stones.
Found a potion of curing.
Things that are here:
a +0 flail; a gnoll corpse You now have 108 gold pieces (gained 7).
Things that are here:
a +0 flail; a gnoll corpse
i - a potion of curing
Found a stone staircase leading down.
You now have 109 gold pieces (gained 1).
You now have 121 gold pieces (gained 12).
You now have 127 gold pieces (gained 6).
The ogre shouts!
Really read the scroll of immolation?
As you read the scroll of immolation, it crumbles to dust.
The creatures around you are filled with an inner flame!
You shoot a bolt. The bolt hits the ogre!
Flame seeps out of the ogre.
The ogre is moderately wounded.
The ogre is engulfed in blazing flames.
Flame seeps out of the ogre.
You shoot a bolt. The bolt barely misses the ogre.
The ogre attacks as you move away! The ogre barely misses you.
The ogre attacks as you move away! The ogre misses you.
You furiously retaliate!
You headbutt the ogre.
The ogre explodes!
The fiery explosion engulfs you!!!
Ouch! That really hurt!
You die...

#......
#.####+#.....#
#...... #..#
##.#### .......
#..## #. #...#
#. #.#.##.##.
#.#.##.#
#.#.##.#
#####.#§##.##.#
#
#....§§@......#
#
#$###§#§.#.####
# #.##.#.### #
#. #.....#
####### #.
##....# ......#
#. #.>..#
......# #.
#....# ......#
#. #....#
......# ##.###


There were no monsters in sight!

Vanquished Creatures
  An ogre (D:4)
  A scorpion (D:4)
  Jessica (D:2)
  4 gnolls (D:4)
  An adder (D:2)
  3 worms
  3 dart slugs
  6 ball pythons
  5 endoplasms
  7 giant cockroaches
  4 goblins
  3 hobgoblins
  7 kobolds
  A quokka (D:2)
  2 bats
  4 frilled lizards
  3 rats
56 creatures vanquished.

Vanquished Creatures (others)
  4 toadstools (D:1)
4 creatures vanquished.

Grand Total: 60 creatures vanquished

Notes
Turn   | Place    | Note
-------+----------+-------------------------------------------
     0 | D:1      | siradein the Minotaur Hunter began the quest for the Orb.
     0 | D:1      | Reached XP level 1. HP: 18/18 MP: 0/0
   155 | D:1      | Reached skill level 1 in Stealth
   313 | D:1      | Reached XP level 2. HP: 25/25 MP: 1/1
   528 | D:1      | Reached skill level 1 in Armour
   616 | D:2      | Reached XP level 3. HP: 3/30 MP: 2/2
   883 | D:2      | Found Xokhlaemu's Assorted Antiques.
  1036 | D:2      | Found Hoekk's Distillery.
  1042 | D:2      | Bought a potion of curing for 30 gold pieces
  1060 | D:2      | Noticed Jessica
  1068 | D:2      | Killed Jessica
  1134 | D:2      | Found Wojianek's Weapon Boutique.
  1206 | D:2      | Found Weumyra's General Store.
  1395 | D:2      | Found a faded altar of an unknown god.
  1562 | D:2      | Reached XP level 4. HP: 38/38 MP: 3/3
  1990 | D:3      | Found a snail-covered altar of Cheibriados.
  2176 | D:3      | Found a radiant altar of Vehumet.
  2375 | D:4      | Noticed an ogre
  2437 | D:4      | Noticed a scorpion
  2444 | D:4      | Killed a scorpion
  2445 | D:4      | Reached skill level 5 in Crossbows
  2445 | D:4      | Reached XP level 5. HP: 2/45 MP: 4/4
  2855 | D:4      | Killed an ogre
  2855 | D:4      | Killed by an exploding ogre... ignited by their inner flame

Illustrated notes

Levels and vault maps discovered:
D:1:      ldierk_walled_garden_2, layout_basic, minivault_14
D:2:      minmay_roachtagon, layout_basic, serial_shops, shop,
          nicolae_shop_bloodbath_and_beyond, shop_fountains,
          nicolae_shop_overgrown_old_shop, shapermc_ecumenical_altar_pompeii,
          minmay_tetromino_t2, uniq_jessica
D:3:      layout_loops_ring, mainiacjoe_overflow_alcove_4,
          nicolae_vehumet_radiance
D:4:      layout_basic

Skill      XL: |  1  2  3  4 |
---------------+-------------+-----
Stealth        | 1 2 |  2.2
Armour         | 1 2 |  2.6
Fighting       | 3 |  3.7
Dodging        | 3 |  3.3
Crossbows      | 5 |  5.1

Action                   |  1- 3 |  4- 6 || total
-------------------------+-------+-------++-------
 Fire: Hand crossbow     |    84 |    84 ||   168
  Use: Scroll            |       |     1 ||     1
       Potion            |       |     1 ||     1
Armor: Ring mail         |    10 |     5 ||    15
       Leather armour    |     2 |       ||     2
Dodge: Dodged            |    19 |    17 ||    36

Table legend: (Time is in decaauts)
 A = Elapsed time spent in this place.
 B = Non-inter-level travel time spent in this place.
 C = Inter-level travel time spent in this place.
 D = Time resting spent in this place.
 E = Time spent auto-exploring this place.
 F = Levels seen in this place.
 G = Mean time per level.
                   A        B        C        D        E       F      G
               +--------+--------+--------+--------+--------+-----+--------+
         Total |   2923 |   2867 |     56 |    263 |   2131 |   4 |  730.8 |
       Dungeon |   2923 |   2867 |     56 |    263 |   2131 |   4 |  730.8 |
               +--------+--------+--------+--------+--------+-----+--------+

Top non-repeatable levels by time:
     D:2: 913 daAuts
     D:1: 877 daAuts
     D:3: 643 daAuts
     D:4: 488 daAuts
